 Dungeon Crawl Stone Soup version 0.30-a0-726-gd89dcf765f (webtiles) character file.

Game seed: 14868233558664085889

13822 junb69 the Martial Artist (level 12, -5/90 HPs)
             Began as an Octopode Transmuter on Jan 29, 2023.
             Was an Elder of Ru.
             Slain by a naga
             ... wielding a +0 trident
              (22 damage)
             ... on level 2 of the Lair of Beasts.
             The game lasted 00:39:29 (13541 turns).

junb69 the Martial Artist (Octopode Transmuter)    Turns: 13541, Time: 00:39:29

Health: -5/90      AC: 10    Str: 14    XL:     12   Next: 10%
Magic:  11/22      EV: 10    Int: 30    God:    Ru [****..]
Gold:   703        SH:  0    Dex: 18    Spells: 9/25 levels left

rFire   x . .      SeeInvis .      - Unarmed
rCold   + + +      Faith    +    (helmet currently unavailable)
rNeg    . . .      Spirit   .    n - amulet of faith
rPois   +          Reflect  .    f - +6 ring of strength
rElec   .          Harm     .    x - +6 ring of dexterity
rCorr   .          Rampage  .    B - +6 ring of intelligence
Will    +....                    G - ring of willpower
Stlth   +++                      (no ring)
HPRegen 0.35/turn                (no ring)
MPRegen 0.18/turn                (no ring)

@: ice-form, on berserk cooldown, slowed, constricted, studying Long Blades,
invisible, unable to read, very slow
A: freezing attack, boosted hp, almost no armour, amphibious, 7 rings, large,
(camouflage 1), frail 1, (gelatinous body 1), missing a hand, (nimble swimmer
1), (tentacles), clever 1, inability to read after injury 1
a: End Transformation, Renounce Religion, Draw Out Power, Power Leap


You were on level 2 of the Lair of Beasts.
You worshipped Ru.
Ru was greatly pleased with you.
You were a creature of crystalline ice.
You visited 2 branches of the dungeon, and saw 11 of its levels.
You also visited: Sewer.

You collected 703 gold pieces.

Inventory:

Missiles
 F - 2 throwing nets
Jewellery
 f - a +6 ring of strength (left front paw)
 n - an amulet of faith (around neck)
 x - a +6 ring of dexterity (right front paw)
 B - a +6 ring of intelligence (on tentacle)
 G - a ring of willpower (on tentacle)
Wands
 s - a wand of roots (1)
 E - a wand of polymorph (10)
 H - a wand of charming (27)
 I - a wand of acid (9)
 J - a wand of flame (16)
Scrolls
 c - a scroll of immolation {unknown}
 e - a scroll of magic mapping
 g - a scroll of fog
 j - a scroll of fear {unknown}
 l - 2 scrolls of silence
 m - a scroll of poison {unknown}
 o - a scroll of amnesia
 u - 3 scrolls of teleportation
 z - a scroll of noise {unknown}
 C - a scroll of torment
Potions
 a - 2 potions of lignification
 b - a potion of curing
 d - 2 potions of flight
 p - 2 potions of invisibility
 q - 3 potions of might
 r - a potion of brilliance
 t - a potion of cancellation {unknown}
 v - a potion of magic {unknown}
 w - a potion of heal wounds {unknown}
 D - a potion of degeneration {unknown}
Miscellaneous
 h - a phantom mirror


   Skills:
 * Level 8.9 Fighting
 - Level 5.6 Dodging
 - Level 3.5 Stealth
 * Level 10.0 Unarmed Combat
 - Level 7.2 Spellcasting
 - Level 5.8 Conjurations
 - Level 7.8 Transmutations
 - Level 4.2 Ice Magic


You had 9 spell levels left.
You knew the following spells:

 Your Spells              Type           Power      Damage    Failure   Level
b - Ice Form              Ice/Tmut       46%        N/A       4%          4
c - Petrify               Tmut/Erth      34%        N/A       10%         4
d - Irradiate             Conj/Tmut      25%        3d20      8%          5
e - Dazzling Flash        Conj/Hex       56%        N/A       4%          3

Your spell library contained the following spells:

 Spells                   Type           Power      Damage    Failure   Level
 Beastly Appendage        Tmut           100%       N/A       1%          1
 Wereblood                Tmut           55%        N/A       1%          2
 Frozen Ramparts          Ice            72%        1d11      2%          3
 Spider Form              Tmut/Pois      34%        N/A       2%          3
 Ensorcelled Hibernation  Hex/Ice        46%        N/A       3%          2
 Ignite Poison            Fire/Tmut/Pois 26%        N/A       4%          3
 Lesser Beckoning         Tloc           20%        N/A       7%          2
 Sublimation of Blood     Necr           10%        N/A       7%          2
 Gell's Gravitas          Tloc           10%        N/A       14%         3
 Teleport Other           Tloc           10%        N/A       14%         3
 Sticky Flame             Conj/Fire      28%        2d5       14%         4
 Summon Ice Beast         Ice/Summ       23%        N/A       19%         4
 Anguish                  Hex/Necr       5%         N/A       43%         4
 Agony                    Necr           10%        N/A       78%         5
 Silence                  Hex/Air        5%         N/A       78%         5
 Ignition                 Fire           5%         3d4       100%        8


Dungeon Overview and Level Annotations

Branches:
Dungeon (9/15)             Temple (0/1) D:7            Lair (2/5) D:9
    Orc (0/2) D:9           Sewer (visited)
  Swamp: Lair:2-3    Shoals: Lair:2-3     Snake: Lair:2-3    Spider: Lair:2-3

Altars:
Dithmenos
Makhleb
Ru
Trog
Xom
Zin

Shops:
D:3 (   D:7 (

Annotations:
Lair:2 Urug


Innate Abilities, Weirdness & Mutations

You are a creature of crystalline ice.
You have a powerful freezing melee attack.
Your maximum health is increased.
Your armour is entirely melded.
You are incapable of wielding weapons or throwing items.
You cannot wear most types of armour.
You are amphibious.
You can wear up to seven rings at the same time.
((Your skin changes colour to match your surroundings (Stealth+).))
You are frail. (-10% HP)
((Your rubbery body absorbs attacks. (AC +1, EV +1)))
You are missing a hand.
((You are camouflaged when in or above water. (Stealth+)))
((You have tentacles for arms and can constrict up to seven enemies at once.))
Your mind is acute. (Int +4, Str/Dex -1)
You occasionally lose the ability to read scrolls when taking damage.


Message History

The basilisk begins to attack, but is stunned by your conviction!
You barely miss the basilisk. The basilisk bites you!
Casting: Petrify (dangerous; 10% risk of failure)
Confirm with . or Enter, or press ? or * to list all spells.
Aiming: Petrify (dangerous; 10% risk of failure)
Press: ? - help, Shift-Dir - straight line, f - basilisk
Aim: a basilisk (chance to affect: 62%)
The basilisk resists with significant effort.
You redirect the basilisk's attack!
The basilisk barely misses you.
You fade into invisibility!
The basilisk bites you!
You feel threatened and lose the ability to read scrolls!
* * * LOW HITPOINT WARNING * * *
You cannot read scrolls in your current state!
A red film seems to cover your vision as you go berserk!
You feel yourself moving faster!
You feel mighty! The naga spits poison at you. The splash of poison hits you.
You resist.
* * * LOW HITPOINT WARNING * * *
You redirect the basilisk's attack!
The basilisk bites you but does no damage.
You barely miss the basilisk. The basilisk gazes at you.
You resist with almost no effort.
You pummel the basilisk!! You freeze the basilisk.
The basilisk is almost dead.
You can read scrolls again.
You punch the basilisk! You freeze the basilisk.
You kill the basilisk!
You feel a strong urge to attack something.
You are no longer berserk.
You are exhausted.
You feel yourself slow down. The naga closely misses you. The naga grabs you.
The naga constricts you.
You punch the naga! You freeze the naga.
The naga is moderately wounded.
The naga hits you with a +0 trident!!
You feel threatened and lose the ability to read scrolls!
You die...

.......).........................
..............####...............
.............## ###...........##
...#####....## #..........###
...P# #P....# #####รท.........#
...## #.....####..............###
..)~##P~.........................
....~~~~~............##..........
...~~~Y ~~......Y...####.........
..~~~~Y ~~~....N.....###.........
~~~~... .~~~.........##P.........
~~~.... .~~~...P....####.........
..~~..##.....##.##P#.#.#. ~.~~.P
#.....############ .~~~P. #....##
~~~.# #.....# ## ~~.. ##....####
#.#


You could see a naga.

Vanquished Creatures
  A boulder beetle (Lair:2)
  Pikel (D:8)
  A black mamba (Lair:1)
  3 cane toads (Lair:1)
  3 komodo dragons
  A rime drake (Lair:1)
  A troll (D:9)
  Grinder (D:5)
  A wyvern (D:9)
  A vampire (D:9)
  9 yaks
  2 basilisks
  A steam dragon (D:8)
  An acid dragon (D:9)
  A naga (Lair:2)
  10 water moccasins
  Duvessa (D:6)
  4 ice beasts
  3 orc warriors (D:9)
  A sky beast (D:7)
  7 black bears
  4 centaurs
  3 ogres
  4 wolves (Lair:1)
  A phantom (D:6)
  10 kobold brigands
  Blork the orc (D:5)
  14 bullfrogs
  A necrophage (D:6)
  3 scorpions
  A gnoll sergeant (D:9)
  Dowan (D:6)
  11 wights
  4 killer bees (D:9)
  7 howler monkeys
  6 hounds
  5 jellies
  2 orc priests
  A gnoll bouda (D:7)
  3 iguanas
  13 orc wizards
  12 gnolls
  14 adders
  2 river rats
  2 shadow imps (D:6)
  A white imp (D:8)
  3 worms
  2 dart slugs
  45 orcs
  15 endoplasms
  8 giant cockroaches
  7 goblins
  8 hobgoblins
  6 jackals (D:3)
  20 kobolds
  4 quokkas
  11 ball pythons
  4 bats
  5 frilled lizards
  4 rats
322 creatures vanquished.

Vanquished Creatures (collateral kills)
  2 yaks (Lair:1)
2 creatures vanquished.

Vanquished Creatures (others)
  A ball python (D:3)
  48 fungi
  62 plants
111 creatures vanquished.

Grand Total: 435 creatures vanquished

Notes
Turn   | Place    | Note
-------+----------+-------------------------------------------
     0 | D:1      | junb69 the Octopode Transmuter began the quest for the Orb.
     0 | D:1      | Reached XP level 1. HP: 13/13 MP: 3/3
    82 | D:1      | Reached XP level 2. HP: 17/18 MP: 5/5
   661 | D:2      | Reached skill level 4 in Unarmed Combat
   771 | D:2      | Reached XP level 3. HP: 21/23 MP: 4/6
  1041 | D:2      | Found a faded altar of an unknown god.
  1485 | D:3      | Reached XP level 4. HP: 28/28 MP: 5/7
  1490 | D:3      | Learned a level 4 spell: Ice Form
  1572 | D:3      | Found Jirch's Weapon Emporium.
  1760 | D:3      | Reached skill level 1 in Ice Magic
  2229 | D:3      | Found a shimmering altar of Xom.
  2229 | D:3      | Found a glowing silver altar of Zin.
  2229 | D:3      | Noticed an angel
  2390 | D:4      | Gained mutation: You are frail. (-10% HP) [potion of
                  | mutation]
  2390 | D:4      | Gained mutation: You sometimes lose your temper in combat.
                  | [potion of mutation]
  2390 | D:4      | Gained mutation: You are covered in fur. (AC +1) [potion of
                  | mutation]
  2391 | D:4      | Lost mutation: You sometimes lose your temper in combat.
                  | [potion of mutation]
  2391 | D:4      | Lost mutation: You are frail. (-10% HP) [potion of
                  | mutation]
  2391 | D:4      | Lost mutation: You are covered in fur. (AC +1) [potion of
                  | mutation]
  2391 | D:4      | Gained mutation: You occasionally lose the ability to read
                  | scrolls when taking damage. [potion of mutation]
  2391 | D:4      | Gained mutation: Your mind is acute. (Int +4, Str/Dex -1)
                  | [potion of mutation]
  2554 | D:4      | Reached XP level 5. HP: 27/33 MP: 8/8
  2730 | D:4      | Noticed an ogre
  2823 | D:4      | Found a bloodstained altar of Trog.
  2897 | D:4      | Found a glowing drain.
  2910 | Sewer    | Entered a sewer
  3044 | Sewer    | Noticed a kobold brigand
  3044 | Sewer    | Noticed a kobold brigand
  3112 | Sewer    | Killed a kobold brigand
  3113 | Sewer    | Reached XP level 6. HP: 38/38 MP: 3/9
  3284 | Sewer    | Reached XP level 7. HP: 43/43 MP: 7/10
  3847 | Sewer    | Reached XP level 8. HP: 52/52 MP: 9/13
  3916 | D:4      | Learned a level 4 spell: Petrify
  4539 | D:5      | Entered Level 5 of the Dungeon
  4562 | D:5      | Reached skill level 5 in Fighting
  4572 | D:5      | Reached skill level 5 in Spellcasting
  4786 | D:5      | Found a burning altar of Makhleb.
  4827 | D:5      | Noticed Blork the orc
  4836 | D:5      | Killed Blork the orc
  4837 | D:5      | Reached skill level 1 in Stealth
  4837 | D:5      | Reached skill level 5 in Unarmed Combat
  4872 | D:5      | Reached XP level 9. HP: 61/61 MP: 10/17
  4936 | D:5      | Identified the +1 halberd of Prudence {holy, Dex+3}
  5075 | D:5      | Noticed Grinder
  5778 | D:5      | Found a sacrificial altar of Ru.
  5834 | D:5      | Became a worshipper of Ru the Awakened
  5996 | D:5      | Paralysed by Grinder for 3 turns
  6002 | D:5      | Killed Grinder
  6003 | D:5      | Reached skill level 6 in Unarmed Combat
  6175 | D:6      | Noticed Dowan
  6703 | D:6      | Reached skill level 7 in Unarmed Combat
  6747 | D:6      | Reached skill level 5 in Dodging
  6863 | D:6      | Learned a level 5 spell: Irradiate
  7131 | D:6      | Noticed Duvessa
  7144 | D:6      | Killed Duvessa
  7227 | D:6      | Killed Dowan
  7395 | D:6      | Reached XP level 10. HP: 67/67 MP: 14/18
  7585 | D:7      | Noticed a cyan ugly thing
  7662 | D:7      | Found Leuguamp's Weapon Shoppe.
  7673 | D:7      | Reached skill level 8 in Unarmed Combat
  7974 | D:7      | Found a staircase to the Ecumenical Temple.
  8074 | D:7      | Found a shadowy altar of Dithmenos.
  8108 | D:7      | Reached skill level 9 in Unarmed Combat
  8276 | D:7      | Learned a level 3 spell: Dazzling Flash
  8482 | D:8      | Reached skill level 1 in Conjurations
  8482 | D:8      | Reached skill level 5 in Transmutations
  9325 | D:8      | Noticed Pikel
  9337 | D:8      | Killed Pikel
  9603 | D:9      | Found a staircase to the Orcish Mines.
  9674 | D:9      | Gained mutation: You are frail. (-10% HP) [Ru sacrifice]
  9674 | D:9      | Reached * piety under Ru
  9879 | D:9      | Reached skill level 5 in Conjurations
  9904 | D:9      | Reached XP level 11. HP: 61/61 MP: 13/19
 10244 | D:9      | Found a staircase to the Lair.
 10542 | D:9      | Identified the +0 helmet of the Lion {rF+ Str+3}
 11252 | Lair:1   | Entered Level 1 of the Lair of Beasts
 12077 | Lair:1   | Gained mutation: You are missing a hand. [Ru sacrifice]
 12077 | Lair:1   | Reached ** piety under Ru
 12077 | Lair:1   | Reached *** piety under Ru
 12077 | Lair:1   | Reached **** piety under Ru
 13453 | Lair:2   | Reached XP level 12. HP: 75/75 MP: 17/22
 13483 | Lair:2   | Noticed a boulder beetle
 13507 | Lair:2   | Killed a boulder beetle
 13507 | Lair:2   | Noticed Urug
 13508 | Lair:2   | Reached skill level 10 in Unarmed Combat
 13541 | Lair:2   | Slain by a naga

Illustrated notes

Levels and vault maps discovered:
D:1:      spicycebolla_arrival_clurvy, layout_basic
D:2:      layout_basic, shapermc_ecumenical_altar_hornbeckon,
          serial_bayou_lagoon_b
D:3:      layout_loops_ring, grunt_temple_overflow_order_and_chaos_1,
          serial_shops, shop
D:4:      layout_loops_ring, trog_ov_bears_minmay, gup_sewer_entry_bubbles,
          grunt_ministairs_4, kennysheep_generic_room_15
D:5:      layout_loops_ring, nicolae_ru_the_path_less_chosen,
          lemuel_round_altar, uniq_grinder, uniq_blork_the_orc
D:6:      nicolae_cairo_tiling_large, layout_loops_cross,
          minmay_increasing_density, uniq_duvessa
D:7:      layout_rooms, mainiacjoe_overflow_cross_hatched,
          minmay_temple_entry_offerings, serial_shops,
          nicolae_shop_bloodbath_and_beyond, nrook_campfire
D:8:      layout_basic, minmay_manual_mess, uniq_pikel
D:9:      layout_rooms, due_lair_maze_entry_diamond, special_room
          [special_room_orc]
Lair:1:   layout_chaotic_city
Lair:2:   layout_cellular_growth, minmay_shoals_entry_beasts,
          guppyfry_snake_entry_island, uniq_urug

Skill      XL: |  1  2  3  4  5  6  7  8  9 10 11 12 |
---------------+-------------------------------------+-----
Unarmed Combat | 4 5 7 9 10 | 10.0
Ice Magic      | 1 3 4 |  4.2
Transmutations | 3 4 7 |  7.8
Fighting       | 3 5 8 |  8.9
Spellcasting   | 3 5 7 |  7.2
Stealth        | 2 3 |  3.5
Dodging        | 5 |  5.6
Conjurations   | 5 |  5.8

Action                     |  1- 3 |  4- 6 |  7- 9 | 10-12 || total
---------------------------+-------+-------+-------+-------++-------
  Melee: Unarmed           |    68 |   115 |   256 |   376 ||   815
         Constrict         |    19 |    31 |    12 |     3 ||    65
         Tentacles         |    10 |    16 |     5 |     1 ||    32
         Kick              |    10 |    29 |     6 |       ||    45
         Punch             |     3 |       |     3 |       ||     6
   Cast: Beastly Appendage |    20 |    26 |     9 |     2 ||    57
         Ice Form          |       |     2 |    34 |    54 ||    90
         Petrify           |       |       |       |    38 ||    38
         Dazzling Flash    |       |       |       |     1 ||     1
 Invoke: Sacrifice Health  |       |       |       |     1 ||     1
         Reject Sacrifices |       |       |       |     1 ||     1
         Sacrifice a Hand  |       |       |       |     1 ||     1
  Evoke: Wand              |       |       |     5 |     4 ||     9
    Use: Scroll            |       |     4 |       |    11 ||    15
         Potion            |       |     2 |     3 |     5 ||    10
   Stab: Sleeping          |     5 |     5 |     1 |     1 ||    12
         Distracted        |       |       |     1 |     1 ||     2
         Invisible         |       |       |     1 |       ||     1
         Petrified         |       |       |       |    75 ||    75
         Petrifying        |       |       |       |     4 ||     4
 Armour: Skin              |     4 |     6 |    84 |    84 ||   178
  Dodge: Dodged            |    34 |    51 |    98 |   169 ||   352

Table legend: (Time is in decaauts)
 A = Elapsed time spent in this place.
 B = Non-inter-level travel time spent in this place.
 C = Inter-level travel time spent in this place.
 D = Time resting spent in this place.
 E = Time spent auto-exploring this place.
 F = Levels seen in this place.
 G = Mean time per level.
                   A        B        C        D        E       F      G
               +--------+--------+--------+--------+--------+-----+--------+
         Total |  13434 |  12924 |    510 |   1744 |   8002 |  12 | 1119.5 |
       Dungeon |  10158 |   9688 |    470 |   1090 |   6123 |   9 | 1128.7 |
          Lair |   2278 |   2238 |     40 |    551 |   1253 |   2 | 1139.0 |
         Sewer |    997 |    997 |      0 |    103 |    626 |   1 |  997.0 |
               +--------+--------+--------+--------+--------+-----+--------+

Top non-repeatable levels by time:
  Lair:1: 1722 daAuts
     D:9: 1590 daAuts
     D:5: 1536 daAuts
     D:6: 1523 daAuts
     D:8: 1337 daAuts
     D:4: 1145 daAuts
   Sewer: 997 daAuts
     D:3: 902 daAuts
     D:2: 822 daAuts
     D:1: 650 daAuts
     D:7: 649 daAuts
  Lair:2: 555 daAuts
